Map: Romanticide LE

Players

IIIIIIIIIIII - Winner!

  • Race: Protoss Protoss
  • Spawn Location: 5:00

Osiris

  • Race: Terran Terran
  • League: Diamond
  • Spawn Location: 11:00

VOD

Have the link to the VOD?

Description

Time

  • Played on: Oct. 4, 2020, 12:06 p.m.
  • Length: 4:53
Show
View Real Time Build Order
Export as new Build Order

IIIIIIIIIIII Protoss - Winner!

Build Orders:  

Get SALT Encoding   

  12  0:00  Probe  
  13  0:12  Probe  
  14  0:17  Pylon  
  14  0:25  Probe (Chrono Boost)  
  15  0:37  Probe (Chrono Boost)  
  15  0:39  Gateway  
  16  0:44  Probe (Chrono Boost)  
  16  0:49  Assimilator  
  17  0:51  Probe  
  18  0:59  Pylon  
  18  1:03  Probe  
  19  1:16  Probe  
  20  1:20  Gateway  
  20  1:32  Probe, Cybernetics Core  
  21  1:44  Probe, Assimilator  
  22  1:56  Probe  
  22  1:57  Pylon  
  23  2:06  Stalker (Chrono Boost)  
  23  2:07  Stalker (Chrono Boost)  
  23  2:14  Warp Gate  
  27  2:15  Probe  
  28  2:28  Stalker x2  
  32  2:43  Pylon  
  32  3:02  Stalker  
  34  3:11  Shield Battery  
  34  3:24  Shield Battery  
  34  3:25  Shield Battery  
  34  3:28  Stargate  
  34  3:30  Probe  
  35  3:40  Stalker (Chrono Boost)  
  37  3:50  Nexus  
  37  3:54  Shield Battery  
  37  4:10  Void Ray (Chrono Boost)  
  37  4:27  Shield Battery  
  37  4:30  Pylon  
  37  4:31  Stalker  
  37  4:32  Stalker  
Show
View Real Time Build Order
Export as new Build Order

Osiris Terran 

Build Orders: Liberator Opening 

Get SALT Encoding   

  12  0:00  SCV  
  13  0:12  SCV  
  14  0:17  Supply Depot  
  14  0:24  SCV  
  14  0:27  Refinery  
  15  0:39  SCV  
  16  0:44  Barracks  
  16  0:51  SCV  
  16  0:54  Refinery  
  17  1:03  SCV  
  18  1:15  SCV  
  19  1:31  Reaper, Orbital Command  
  20  1:35  Factory  
  20  1:51  Supply Depot  
  20  1:56  SCV  
  21  2:04  Reaper  
  22  2:12  SCV  
  23  2:20  Hellion  
  25  2:23  Bunker  
  25  2:28  SCV  
  26  2:36  Reaper  
  27  2:37  Command Center  
  27  2:41  Hellion  
  27  3:14  Starport, Factory Tech Lab  
  27  3:16  SCV  
  28  3:20  Marine  
  29  3:28  SCV  
  29  3:40  Marine  
  30  3:47  Supply Depot  
  30  3:48  Siege Tank  
  30  3:49  Orbital Command  
  30  3:54  Liberator  
  35  4:23  Marine  
  33  4:30  Bunker  
  36  4:37  SCV x2  
  38  4:48  Starport Reactor  
Tags
 
Add a new tag
Caveats
  • Supply blocks, unpowered buildings, or Contaminate may cause inaccurate times.
  • Supply counts are checked every 10 seconds.